General information
- name: BNet
- type: Ladder team game (AT/RT)
- host: Battle.net
- saver: TheCoalBoat
map: MarketSquare
- players: 8
- length: 37:53
- speed: Fast
- version: 1.26 W3XP
- replay type: Public
» download(241 KB)
Players
team 1 (loser)
KILLAx (
teal | 97 APM | 3670 actions | 37:49)
7 Crypt Lord
3 Carrion Beetles
3 Impale
1 Locust Swarm
7 Death Knight
3 Death Coil
3 Unholy Aura
1 Animate Dead
» actions
| Assign group hotkey | 44 | |
| Basic commands | 233 | |
| Build / train | 93 | |
| Enter build submenu | 19 | |
| Enter hero's abilities submenu | 15 | |
| Give item / drop item | 3 | |
| Right click | 1511 | |
| Select / deselect | 480 | |
| Select group hotkey | 1208 | |
| Use ability | 64 | |
3670 total
» units
| Acolyte | 34 | |
| Ghoul | 8 | |
| Crypt Fiend | 11 | |
| Frost Wyrm | 11 | |
64 total
» upgrades
| Creature Carapace | 3 | |
| Web | 1 | |
| Creature Attack | 2 | |
| Freezing Breath | 1 | |
7 total
» buildings
| Graveyard | 1 | |
| Crypt | 1 | |
| Altar of Darkness | 1 | |
| Ziggurat | 9 | |
| Tomb of Relics | 1 | |
| Halls of the Dead | 1 | |
| Black Citadel | 1 | |
| Sacrificial Pit | 1 | |
| Boneyard | 2 | |
| Spirit Tower | 1 | |
| Great Hall | 1 | |
20 total
» build order
00:12 Graveyard
00:21 Crypt
00:47 Altar of Darkness
01:04 Ziggurat
01:39 Ziggurat
02:08 Tomb of Relics
04:12 Halls of the Dead
04:29 Ziggurat
04:53 Ziggurat
06:52 Black Citadel
06:55 Sacrificial Pit
09:30 Boneyard
10:14 Boneyard
11:05 Ziggurat
12:00 Spirit Tower
14:31 Ziggurat
14:32 Ziggurat
15:20 Ziggurat
15:20 Ziggurat
33:59 Great Hall
» items
| Rod of Necromancy | 1 | |
| Scroll of Town Portal | 2 | |
3 total
PooneyToons (
blue | 25 APM | 710 actions | 27:59)
7 Demon Hunter
2 Immolation
3 Mana Burn
1 Metamorphosis
1 Evasion
» actions
| Build / train | 41 | |
| Enter build submenu | 22 | |
| Enter hero's abilities submenu | 7 | |
| Right click | 331 | |
| Select / deselect | 253 | |
| Use ability | 56 | |
710 total
» units
| Wisp | 14 | |
| Chimaera | 5 | |
| Hippogryph | 4 | |
23 total
» upgrades
| Strength of the Wild | 3 | |
| Reinforced Hides | 3 | |
| Corrosive Breath | 1 | |
| Backpack | 1 | |
8 total
» buildings
| Hunter's Hall | 1 | |
| Moon Well | 10 | |
| Ancient Protector | 4 | |
| Altar of Elders | 1 | |
| Tree of Ages | 1 | |
| Tree of Eternity | 1 | |
| Ancient of Wind | 1 | |
| Chimaera Roost | 3 | |
| Ancient of Wonders | 1 | |
23 total
» build order
00:05 Hunter's Hall
00:09 Moon Well
01:22 Ancient Protector
01:49 Altar of Elders
02:08 Ancient Protector
02:39 Moon Well
03:08 Moon Well
03:43 Ancient Protector
04:15 Ancient Protector
04:37 Tree of Ages
05:05 Moon Well
05:08 Moon Well
07:01 Tree of Eternity
07:11 Ancient of Wind
09:29 Chimaera Roost
09:31 Chimaera Roost
09:32 Chimaera Roost
11:07 Moon Well
16:12 Moon Well
16:17 Moon Well
18:59 Ancient of Wonders
19:10 Moon Well
19:13 Moon Well

»
Miss_B1tch (
yellow | 19 APM | 529 actions | 28:05)
4 Pit Lord
1 Rain of Fire
1 Howl of Terror
2 Cleaving Attack
3 Firelord
1 Summon Lava Spawn
2 Soul Burn
» actions
| Assign group hotkey | 17 | |
| Basic commands | 1 | |
| Build / train | 66 | |
| Enter build submenu | 23 | |
| Enter hero's abilities submenu | 7 | |
| Remove unit from queue | 5 | |
| Right click | 145 | |
| Select / deselect | 167 | |
| Select group hotkey | 62 | |
| Use ability | 36 | |
529 total
» units
| Peon | 23 | |
| Grunt | 4 | |
| Troll Headhunter/Berserker | 5 | |
| Forest Troll High Priest | 1 | |
| Shaman | 4 | |
| Troll Witch Doctor | 4 | |
| Tauren | 3 | |
44 total
» upgrades
| Spiked Barricades | 1 | |
| Shaman Training | 2 | |
| Witch Doctor Training | 2 | |
5 total
» buildings
| Barracks | 1 | |
| Orc Burrow | 11 | |
| Altar of Storms | 1 | |
| War Mill | 1 | |
| Stronghold | 1 | |
| Voodoo Lounge | 2 | |
| Fortress | 1 | |
| Spirit Lodge | 2 | |
| Tauren Totem | 1 | |
| Watch Tower | 3 | |
24 total
» build order
00:13 Barracks
00:30 Orc Burrow
00:59 Orc Burrow
01:26 Altar of Storms
02:30 War Mill
03:30 Orc Burrow
03:54 Stronghold
04:38 Orc Burrow
05:04 Voodoo Lounge
06:09 Orc Burrow
07:46 Fortress
07:55 Spirit Lodge
07:59 Spirit Lodge
08:36 Orc Burrow
11:18 Voodoo Lounge
12:39 Tauren Totem
18:50 Orc Burrow
19:57 Orc Burrow
22:09 Orc Burrow
23:53 Orc Burrow
24:42 Orc Burrow
24:46 Watch Tower
25:30 Watch Tower
26:24 Watch Tower
» items
Turtling101 (
purple | 65 APM | 2472 actions | 37:49)
10 Blood Mage
3 Flame Strike
3 Siphon Mana
2 Summon Phoenix
2 Banish
» actions
| Assign group hotkey | 166 | |
| Basic commands | 155 | |
| Build / train | 90 | |
| Enter build submenu | 51 | |
| Enter hero's abilities submenu | 9 | |
| Give item / drop item | 1 | |
| Remove unit from queue | 1 | |
| Right click | 1100 | |
| Select / deselect | 391 | |
| Select group hotkey | 386 | |
| Use ability | 122 | |
2472 total
» units
| Peasant | 17 | |
| Footman | 8 | |
| Sorceress | 4 | |
| Gryphon Rider | 6 | |
35 total
» upgrades
| Defend | 1 | |
| Masonry | 3 | |
| Lumber Harvesting | 2 | |
| Sorceress Training | 1 | |
| Magic Sentry | 1 | |
| Swords | 3 | |
| Armor | 3 | |
| Animal War Training | 1 | |
| Storm Hammers | 1 | |
16 total
» buildings
| Altar of Kings | 1 | |
| Barracks | 1 | |
| Farm | 13 | |
| Arcane Vault | 1 | |
| Town Hall | 2 | |
| Keep | 1 | |
| Lumber Mill | 1 | |
| Scout Tower | 29 | |
| Guard Tower | 6 | |
| Arcane Sanctum | 1 | |
| Castle | 1 | |
| Arcane Tower | 2 | |
| Blacksmith | 2 | |
| Gryphon Aviary | 4 | |
65 total
» build order
00:55 Altar of Kings
00:57 Barracks
01:04 Farm
01:09 Farm
01:10 Farm
02:03 Farm
02:22 Arcane Vault
04:06 Town Hall
04:21 Keep
05:01 Lumber Mill
05:05 Scout Tower
05:07 Scout Tower
05:13 Scout Tower
06:08 Guard Tower
09:07 Arcane Sanctum
11:06 Scout Tower
11:06 Scout Tower
11:06 Scout Tower
11:06 Scout Tower
11:07 Scout Tower
11:08 Scout Tower
11:46 Guard Tower
12:07 Scout Tower
12:07 Scout Tower
12:43 Castle
12:46 Guard Tower
13:56 Scout Tower
13:57 Scout Tower
13:58 Scout Tower
13:59 Scout Tower
14:01 Scout Tower
14:02 Scout Tower
14:03 Scout Tower
14:04 Scout Tower
14:20 Town Hall
14:21 Scout Tower
14:21 Scout Tower
14:22 Scout Tower
14:22 Scout Tower
15:37 Guard Tower
15:40 Guard Tower
15:41 Scout Tower
15:41 Scout Tower
15:42 Scout Tower
15:44 Scout Tower
15:45 Scout Tower
15:47 Scout Tower
16:36 Guard Tower
16:38 Guard Tower
16:39 Arcane Tower
16:42 Arcane Tower
18:46 Blacksmith
18:47 Blacksmith
21:48 Gryphon Aviary
21:49 Gryphon Aviary
21:53 Gryphon Aviary
23:37 Gryphon Aviary
25:18 Farm
25:18 Farm
25:21 Farm
25:21 Farm
25:23 Farm
25:24 Farm
25:26 Farm
25:28 Farm
25:35 Farm
» items
| Scroll of Regeneration | 2 | |
| Potion of Healing | 1 | |
| Scroll of Town Portal | 3 | |
| Potion of Invisibility | 1 | |
| Boots of Speed | 1 | |
| Staff of Teleportation | 1 | |
| Periapt of Vitality | 1 | |
| Potion of Lesser Invulnerability | 1 | |
| Tome of Retraining | 1 | |
12 total
team 2 (winner)
Xzar-aneski (
pink | 38 APM | 720 actions | 19:10)
3 Paladin
2 Devotion Aura
1 Divine Shield
» actions
| Basic commands | 2 | |
| Build / train | 79 | |
| Enter build submenu | 29 | |
| Enter hero's abilities submenu | 3 | |
| Remove unit from queue | 4 | |
| Right click | 280 | |
| Select / deselect | 279 | |
| Use ability | 44 | |
720 total
» units
| Peasant | 27 | |
| Footman | 6 | |
| Knight | 10 | |
| Siege Engine | 8 | |
51 total
» upgrades
| Gunpowder | 1 | |
| Swords | 3 | |
| Plating | 2 | |
| Masonry | 3 | |
| Armor | 1 | |
| Lumber Harvesting | 1 | |
| Animal War Training | 1 | |
| Barrage | 1 | |
13 total
» buildings
| Altar of Kings | 1 | |
| Farm | 12 | |
| Barracks | 2 | |
| Scout Tower | 4 | |
| Blacksmith | 1 | |
| Arcane Vault | 2 | |
| Arcane Tower | 3 | |
| Town Hall | 2 | |
| Keep | 1 | |
| Lumber Mill | 2 | |
| Castle | 1 | |
| Workshop | 2 | |
33 total
» build order
00:27 Altar of Kings
00:32 Farm
01:06 Farm
01:23 Barracks
02:08 Scout Tower
02:25 Blacksmith
02:55 Farm
03:13 Arcane Vault
03:18 Arcane Vault
03:24 Scout Tower
03:34 Farm
03:42 Farm
03:57 Arcane Tower
04:18 Farm
05:57 Town Hall
06:01 Scout Tower
06:24 Arcane Tower
07:14 Keep
07:19 Lumber Mill
08:36 Lumber Mill
08:42 Barracks
09:11 Farm
09:48 Castle
09:56 Farm
10:00 Workshop
10:47 Farm
11:10 Workshop
11:27 Farm
12:07 Farm
12:25 Farm
14:09 Scout Tower
14:40 Arcane Tower
18:25 Town Hall
» items
| Scroll of Regeneration | 2 | |
| Orb of Fire | 1 | |
3 total
averydrunkninja (
green | 66 APM | 1536 actions | 23:06)
4 Blademaster
2 Critical Strike
2 Wind Walk
» actions
| Assign group hotkey | 20 | |
| Build / train | 78 | |
| Enter build submenu | 27 | |
| Enter hero's abilities submenu | 4 | |
| Give item / drop item | 1 | |
| Right click | 504 | |
| Select / deselect | 280 | |
| Select group hotkey | 534 | |
| Use ability | 88 | |
1536 total
» units
| Peon | 16 | |
| Grunt | 5 | |
| Troll Headhunter/Berserker | 21 | |
| Shaman | 4 | |
| Peasant | 10 | |
56 total
» upgrades
| Ranged Weapons | 1 | |
| Armor | 1 | |
| Spiked Barricades | 1 | |
| Troll Regeneration | 1 | |
| Shaman Training | 2 | |
| Berserker Upgrade | 1 | |
| Reinforced Defenses | 1 | |
8 total
» buildings
| Altar of Storms | 1 | |
| Orc Burrow | 9 | |
| Barracks | 2 | |
| War Mill | 1 | |
| Voodoo Lounge | 1 | |
| Stronghold | 1 | |
| Watch Tower | 10 | |
| Fortress | 1 | |
| Spirit Lodge | 1 | |
| Scout Tower | 12 | |
| Beastiary | 3 | |
42 total
» build order
00:14 Altar of Storms
00:21 Orc Burrow
00:39 Barracks
01:34 War Mill
01:45 Orc Burrow
02:29 Barracks
03:47 Orc Burrow
04:15 Voodoo Lounge
05:16 Orc Burrow
06:11 Stronghold
07:13 Orc Burrow
07:18 Orc Burrow
07:28 Watch Tower
07:29 Watch Tower
09:02 Fortress
09:09 Spirit Lodge
13:10 Watch Tower
13:12 Watch Tower
13:23 Watch Tower
13:24 Watch Tower
13:55 Watch Tower
13:56 Watch Tower
17:05 Orc Burrow
18:26 Orc Burrow
18:42 Watch Tower
18:55 Watch Tower
19:46 Orc Burrow
20:55 Scout Tower
20:55 Scout Tower
20:57 Scout Tower
20:58 Scout Tower
21:00 Scout Tower
21:01 Scout Tower
21:25 Scout Tower
21:26 Scout Tower
21:29 Scout Tower
21:32 Scout Tower
21:33 Scout Tower
21:34 Scout Tower
22:49 Beastiary
22:54 Beastiary
22:59 Beastiary
» items
| Healing Salve | 2 | |
| Lesser Clarity Potion | 1 | |
3 total
TheCoalBoat (
red | 83 APM | 3132 actions | 37:53)
10 Blood Mage
3 Flame Strike
3 Siphon Mana
1 Summon Phoenix
3 Banish
1 Blademaster
1 Wind Walk
» actions
| Assign group hotkey | 33 | |
| Basic commands | 120 | |
| Build / train | 193 | |
| ESC pressed | 5 | |
| Enter build submenu | 44 | |
| Enter hero's abilities submenu | 12 | |
| Give item / drop item | 4 | |
| Right click | 1245 | |
| Select / deselect | 447 | |
| Select group hotkey | 821 | |
| Use ability | 208 | |
3132 total
» units
| Peasant | 32 | |
| Footman | 12 | |
| Gryphon Rider | 5 | |
| Sorceress | 4 | |
| Dragonhawk Rider | 7 | |
60 total
» upgrades
| Masonry | 3 | |
| Defend | 1 | |
| Backpack | 1 | |
| Swords | 3 | |
| Lumber Harvesting | 2 | |
| Storm Hammers | 1 | |
| Cloud | 1 | |
| Animal War Training | 1 | |
| Sorceress Training | 2 | |
| Magic Sentry | 1 | |
| Armor | 3 | |
| Gunpowder | 3 | |
| Plating | 3 | |
| Long Rifles | 1 | |
| Priest Training | 2 | |
| Control Magic | 1 | |
| Barrage | 1 | |
| Fragmentation Shards | 1 | |
| Flak Cannons | 1 | |
| Flying Machine Bombs | 1 | |
| Flare | 1 | |
34 total
» buildings
| Altar of Kings | 1 | |
| Barracks | 1 | |
| Farm | 9 | |
| Town Hall | 4 | |
| Arcane Vault | 1 | |
| Scout Tower | 12 | |
| Lumber Mill | 1 | |
| Arcane Tower | 4 | |
| Guard Tower | 20 | |
| Keep | 1 | |
| Blacksmith | 1 | |
| Castle | 2 | |
| Gryphon Aviary | 4 | |
| Arcane Sanctum | 1 | |
| Workshop | 4 | |
66 total
» build order
00:04 Altar of Kings
00:07 Barracks
00:12 Farm
00:53 Farm
01:36 Farm
03:19 Town Hall
03:52 Farm
04:35 Arcane Vault
04:47 Scout Tower
04:52 Lumber Mill
05:13 Arcane Tower
05:13 Arcane Tower
05:18 Scout Tower
05:20 Scout Tower
05:21 Scout Tower
06:13 Guard Tower
06:14 Guard Tower
06:14 Guard Tower
06:14 Guard Tower
06:14 Guard Tower
06:15 Guard Tower
06:15 Guard Tower
06:43 Keep
06:47 Farm
06:49 Scout Tower
06:50 Scout Tower
07:26 Guard Tower
08:00 Guard Tower
08:00 Guard Tower
08:22 Blacksmith
08:44 Scout Tower
08:45 Scout Tower
09:05 Castle
09:05 Castle
10:08 Guard Tower
10:08 Guard Tower
10:18 Scout Tower
10:38 Gryphon Aviary
10:50 Gryphon Aviary
10:52 Guard Tower
10:53 Guard Tower
11:06 Scout Tower
11:08 Scout Tower
11:09 Scout Tower
12:23 Arcane Sanctum
12:26 Guard Tower
14:37 Farm
14:38 Farm
14:40 Farm
17:14 Farm
19:10 Gryphon Aviary
19:12 Gryphon Aviary
28:11 Town Hall
32:49 Town Hall
34:57 Town Hall
35:40 Workshop
35:41 Workshop
35:42 Workshop
35:45 Workshop
» items
| Scroll of Regeneration | 10 | |
| Potion of Invisibility | 4 | |
| Staff of Teleportation | 1 | |
| Boots of Speed | 1 | |
| Lesser Clarity Potion | 11 | |
| Potion of Mana | 5 | |
| Potion of Healing | 4 | |
| Scroll of Town Portal | 7 | |
| Potion of Lesser Invulnerability | 1 | |
| Orb of Fire | 1 | |
45 total
STAB_ON_SIGHT_L (
orange | 59 APM | 2229 actions | 37:49)
9 Blood Mage
3 Flame Strike
3 Siphon Mana
1 Summon Phoenix
2 Banish
» actions
| Assign group hotkey | 139 | |
| Basic commands | 87 | |
| Build / train | 119 | |
| ESC pressed | 4 | |
| Enter build submenu | 51 | |
| Enter hero's abilities submenu | 9 | |
| Give item / drop item | 3 | |
| Right click | 824 | |
| Select / deselect | 336 | |
| Select group hotkey | 446 | |
| Use ability | 211 | |
2229 total
» units
| Peasant | 23 | |
| Footman | 12 | |
| Dragonhawk Rider | 9 | |
| Gryphon Rider | 11 | |
55 total
» upgrades
| Swords | 3 | |
| Lumber Harvesting | 2 | |
| Armor | 3 | |
| Masonry | 3 | |
| Storm Hammers | 1 | |
| Animal War Training | 1 | |
| Cloud | 1 | |
14 total
» buildings
| Altar of Kings | 1 | |
| Farm | 16 | |
| Barracks | 1 | |
| Scout Tower | 42 | |
| Arcane Vault | 1 | |
| Arcane Tower | 2 | |
| Blacksmith | 1 | |
| Lumber Mill | 5 | |
| Keep | 1 | |
| Guard Tower | 15 | |
| Gryphon Aviary | 3 | |
| Town Hall | 7 | |
| Castle | 1 | |
| Arcane Sanctum | 1 | |
97 total
» build order
00:28 Altar of Kings
00:39 Farm
00:51 Barracks
01:05 Scout Tower
01:42 Farm
01:58 Arcane Vault
02:15 Arcane Tower
02:34 Blacksmith
02:38 Lumber Mill
02:42 Lumber Mill
03:06 Scout Tower
03:10 Farm
03:59 Keep
04:17 Guard Tower
06:45 Gryphon Aviary
06:55 Farm
08:21 Scout Tower
08:23 Town Hall
08:26 Scout Tower
08:27 Scout Tower
08:29 Lumber Mill
08:33 Lumber Mill
08:41 Scout Tower
08:42 Scout Tower
08:43 Scout Tower
08:51 Guard Tower
09:17 Guard Tower
09:51 Guard Tower
11:00 Guard Tower
11:14 Gryphon Aviary
11:15 Gryphon Aviary
11:29 Castle
12:16 Farm
12:54 Scout Tower
12:56 Scout Tower
12:57 Scout Tower
13:31 Guard Tower
14:02 Lumber Mill
15:21 Guard Tower
15:21 Guard Tower
15:30 Farm
15:30 Farm
15:31 Farm
15:32 Farm
15:32 Farm
15:33 Farm
15:33 Farm
15:33 Farm
15:34 Farm
15:35 Farm
15:35 Farm
19:14 Guard Tower
21:33 Arcane Sanctum
21:35 Scout Tower
21:35 Scout Tower
21:36 Scout Tower
21:36 Scout Tower
24:41 Guard Tower
24:57 Arcane Tower
31:02 Town Hall
31:03 Scout Tower
31:04 Scout Tower
31:04 Scout Tower
31:05 Scout Tower
31:05 Scout Tower
31:06 Scout Tower
31:09 Town Hall
31:10 Scout Tower
31:11 Scout Tower
31:11 Scout Tower
31:12 Scout Tower
31:13 Scout Tower
31:13 Scout Tower
31:14 Scout Tower
31:14 Scout Tower
31:15 Scout Tower
31:15 Scout Tower
31:31 Guard Tower
32:05 Guard Tower
32:09 Scout Tower
32:09 Scout Tower
32:14 Guard Tower
33:37 Town Hall
34:03 Scout Tower
34:03 Scout Tower
34:04 Scout Tower
34:05 Scout Tower
34:06 Scout Tower
34:37 Guard Tower
35:28 Town Hall
35:33 Guard Tower
36:37 Town Hall
37:12 Town Hall
» items
| Scroll of Regeneration | 1 | |
| Lesser Clarity Potion | 4 | |
| Staff of Teleportation | 2 | |
| Potion of Lesser Invulnerability | 1 | |
| Potion of Healing | 2 | |
| Ivory Tower | 3 | |
| Potion of Invisibility | 2 | |
| Boots of Speed | 1 | |
| Potion of Mana | 1 | |
| Scroll of Town Portal | 1 | |
| Orb of Fire | 1 | |
| Staff of Sanctuary | 1 | |
20 total
Chat log
(00:07 / Allies) averydrunkninja: hh sham
(00:14 / All) STAB_ON_SIGHT_L: [insert trash talk here]
(00:22 / All) Miss_B1tch: insert my dick
(00:35 / All) STAB_ON_SIGHT_L: THATS WHAT I SAID TO UR MOM LAST NITE LAWL
(00:43 / All) PooneyToons: yikes, he wants his dick in another guy...
(00:46 / All) Turtling101: THAT'S THE BIGGEST BLACK ASS I'VE EVER SEEN AND I LIKE IT I LIKE IT
(00:47 / All) Turtling101: A LOT!
(00:50 / All) Miss_B1tch: MMM TO BAD SHE WAS DOING MY BROTHER
(01:11 / All) PooneyToons: thats just messed up
(01:31 / All) Miss_B1tch: not round here its not
(01:35 / All) STAB_ON_SIGHT_L: THATS WHAT UR MOM SAID AFTER I JIZZED OVER HER FACE THIS MORNING LAWL
(01:42 / All) Miss_B1tch: SHE WANTED IT
(01:49 / All) Miss_B1tch: SO DID I BUT YOU GAVE IT TO HER
(01:52 / All) STAB_ON_SIGHT_L: REALLY BAAAAAAAAAD OH YEAH
(02:08 / All) Miss_B1tch: MMMMMMMMMMMM
(06:09 / Allies) STAB_ON_SIGHT_L: god damn
(06:10 / Allies) STAB_ON_SIGHT_L: how do you do it
(06:14 / Allies) STAB_ON_SIGHT_L: how do you fast creep this map
(06:19 / Allies) TheCoalBoat: with bm?
(06:20 / Allies) STAB_ON_SIGHT_L: expo i mean
(06:25 / Allies) TheCoalBoat: 6 or so militia
(06:27 / Allies) STAB_ON_SIGHT_L: yeah
(06:31 / Allies) STAB_ON_SIGHT_L: SIX? ugh
(06:32 / Allies) TheCoalBoat: and focus the non-golem
(06:57 / Allies) averydrunkninja: creep mid
(07:02 / Allies) STAB_ON_SIGHT_L: no thanks creeping expos
(10:34 / Allies) averydrunkninja: gold pls
(10:35 / Allies) averydrunkninja: if u can
(10:44 / Allies) TheCoalBoat: I have no gold
(10:49 / Allies) averydrunkninja: i can see that
(11:09 / Allies) averydrunkninja: come on guys please
(11:11 / Allies) averydrunkninja: dont be a jew
(11:17 / Allies) STAB_ON_SIGHT_L: MUZZLETAH
(14:14 / Allies) averydrunkninja: wood pls
(14:20 / Allies) Xzar-aneski: plzz wood
(14:28 / Allies) averydrunkninja: give me gold
(14:45 / Allies) TheCoalBoat: Make a loan at the bank.
(14:53 / Allies) averydrunkninja: give me a 2k loan
(14:55 / Allies) averydrunkninja: ill repay u
(15:03 / Allies) TheCoalBoat: You couldn't, you have no expo.
(15:11 / Allies) TheCoalBoat: Sorry, but we cannot loan you that money at this time
(16:23 / All) Turtling101: sick aco surround
(16:26 / All) Turtling101: effective
(16:36 / All) TheCoalBoat: It allowed me to get 1 more acolyte.
(16:44 / All) TheCoalBoat: Thanks bro.
(18:01 / All) TheCoalBoat: You had too many peons on gold. I help you macro bro
(23:10 / All) KILLAx: biggest
(23:11 / All) KILLAx: noobs
(23:13 / All) KILLAx: ive ever
(23:14 / All) KILLAx: seen
(23:19 / All) TheCoalBoat: you were raped by flamestrike
(23:21 / All) TheCoalBoat: repeatedly
(23:27 / All) KILLAx: no i wasnt
(23:28 / All) KILLAx: jhaha
(23:56 / All) TheCoalBoat: Teal, I have 6,000 gold. How about you?
(24:06 / All) KILLAx: 160000
(24:10 / All) KILLAx: !6000*
(24:20 / All) TheCoalBoat: No you don't.
(24:24 / All) TheCoalBoat: Keep lying bro.
(24:43 / All) TheCoalBoat: Blue lost a chim to a tower, horrible.
(24:51 / All) KILLAx: ur micro is horrible
(25:18 / All) PooneyToons: lol targets the weakest chims
(25:29 / All) TheCoalBoat: Of course son, it gurantees the kill.
(25:55 / All) TheCoalBoat: Sick 200 gold teal.
(25:58 / All) KILLAx: lol
(26:01 / All) KILLAx: friends?
(26:09 / All) TheCoalBoat: I'm not your buddy, pal.
(26:10 / All) KILLAx: il llet u win
(26:10 / All) KILLAx: Now
(26:15 / All) TheCoalBoat: "let"
(26:23 / All) TheCoalBoat: I could beat you with 1 hand
(26:25 / All) TheCoalBoat: which I already have
(26:30 / All) KILLAx: why are u using
(26:32 / All) KILLAx: correct
(26:34 / All) KILLAx: grammar
(26:37 / All) KILLAx: and punctuation
(26:37 / All) KILLAx: ..
(26:41 / All) TheCoalBoat: lol
(26:46 / All) TheCoalBoat: sick shade
(26:52 / All) KILLAx: nope
(26:52 / All) KILLAx: mh
(27:07 / All) TheCoalBoat: Bye, teal.
(27:11 / All) TheCoalBoat: What happened to your stuff buddy?
(27:18 / All) KILLAx: l;ol i knew u guys were
(27:19 / All) KILLAx: friends
(28:18 / All) TheCoalBoat: This game was too smooth
(28:29 / All) STAB_ON_SIGHT_L: lol i kept fucking up
(28:32 / All) TheCoalBoat: You can leave now teal. You lost.
(28:47 / All) KILLAx: no
(28:48 / All) Turtling101: chims to the right
(28:49 / All) KILLAx: i want it say
(28:50 / All) KILLAx: u lost
(29:14 / All) Turtling101: gg gents
(29:18 / All) Turtling101: oh lawl
(29:21 / All) Turtling101: he gave me control
(29:25 / All) Turtling101: I thought he left
(29:30 / All) Turtling101: he almost got me since I'm tired
(29:33 / All) STAB_ON_SIGHT_L: lol unsummon his shit
(29:48 / All) Turtling101: they must have fixed it
(29:55 / All) Turtling101: you can unsummon if they give control
(29:59 / All) Turtling101: or cancel buildings
(30:01 / All) Turtling101: when did that happen
(30:29 / All) KILLAx: lol
(30:32 / All) KILLAx: loo k at my record
(30:43 / All) Turtling101: you bad what else is new
(30:48 / All) KILLAx: profiel after
(30:50 / All) STAB_ON_SIGHT_L: aheuahueahueahueha
(30:50 / All) KILLAx: this reset
(30:51 / All) KILLAx: sucks..
(31:02 / All) KILLAx: 10 games
(31:06 / All) KILLAx: with guys like u haha
(31:07 / All) TheCoalBoat: Nice fiends that you forgot to put in your control group
(31:09 / All) KILLAx: but i dont rly care
(31:13 / All) TheCoalBoat: There are no guys like us.
(31:36 / All) TheCoalBoat: here comes the cavalry.
(31:38 / All) KILLAx: u guys
(31:39 / All) KILLAx: shuld
(31:40 / All) Turtling101: that's lame you can't unsummon if they give control anymore
(31:40 / All) KILLAx: play it out
(31:42 / All) KILLAx: i wanna watch
(33:03 / All) Turtling101: lawl control taken away
(33:05 / All) TheCoalBoat: Sick wyrm micro.
(33:06 / All) Turtling101: I destroyed his tp
(33:35 / All) Turtling101: lol
(33:40 / All) Turtling101: desperately selling to buy TP
(33:46 / All) STAB_ON_SIGHT_L: hey teal remember the time you killed my units
(33:51 / All) KILLAx: ya
(33:51 / All) KILLAx: why
(33:57 / All) STAB_ON_SIGHT_L: and then made fun of me for it
(34:00 / All) STAB_ON_SIGHT_L: bet you feed special now
(34:07 / All) KILLAx: feed?
(34:14 / All) TheCoalBoat: Yeah, eating with your hands.
(34:20 / All) TheCoalBoat: Very "special."
(34:22 / All) KILLAx: lol
(34:54 / All) KILLAx: how old
(34:57 / All) KILLAx: are u gus
(34:58 / All) KILLAx: guys
(35:03 / All) STAB_ON_SIGHT_L: 42/m/basement
(35:09 / All) KILLAx: ..
(35:13 / All) KILLAx: im 36
(35:17 / All) TheCoalBoat: A basement? I've got a party van personally.
(35:59 / All) KILLAx: lucky u guys
(36:00 / All) KILLAx: found
(36:03 / All) KILLAx: same game
(36:04 / All) KILLAx: together
(36:10 / All) TheCoalBoat: We do every time.
(36:12 / All) Turtling101: yeah
(36:14 / All) TheCoalBoat: We match with 0-0 accounts.
(36:14 / All) Turtling101: "luck"
(36:15 / All) KILLAx: on new accounts?
(36:17 / All) KILLAx: ya
(36:25 / All) KILLAx: ;p;
(36:26 / All) KILLAx: lol
(36:48 / All) KILLAx: rofl
(36:51 / All) KILLAx: do u guys
(36:55 / All) KILLAx: have any other strategies
(37:35 / All) TheCoalBoat: No, we backstab every game.
(37:48 / All) KILLAx: which team
(37:48 / All) KILLAx: ..